 Dungeon Crawl Stone Soup version 0.21.1-1-g345015fe64 (webtiles) character file.

5084 Kejsarherre the Cleaver (level 10, -6/77 HPs)
             Began as a Formicid Wanderer on May 11, 2018.
             Was a Priest of Makhleb.
             Mangled by a steam dragon (9 damage)
             ... on level 9 of the Dungeon.
             The game lasted 00:20:42 (7198 turns).

Kejsarherre the Cleaver (Formicid Wanderer)         Turns: 7198, Time: 00:20:42

Health: -6/77      AC:  8    Str: 22 (23) XL:     10   Next: 87%
Magic:  12/12      EV: 13    Int: 13 (15) God:    Makhleb [***...]
Gold:   497        SH: 11    Dex:  8 (9)  Spells: 9/9 levels left

rFire    . . .     SeeInvis +   e - +0 battleaxe
rCold    . . .     Gourm    .   a - +0 shield
rNeg     . . .     Faith    .   x - +0 scale mail
rPois    .         Spirit   .   (helmet unavailable)
rElec    .         Reflect  .   (no cloak)
rCorr    .         Harm     .   B - +0 pair of gloves {archery}
MR       +....                  (no boots)
Stlth    ..........             k - amulet of regeneration
HPRegen  0.62/turn              l - ring of flight
MPRegen  0.13/turn              b - +3 ring of evasion

@: mighty
A: permanent stasis, dig shafts and tunnels, four strong arms, antennae 3
a: Dig, Shaft Self, Minor Destruction, Lesser Servant of Makhleb, Renounce
Religion, Evoke Flight


You were on level 9 of the Dungeon.
You worshipped Makhleb.
Makhleb was most pleased with you.
You were hungry.

You visited 1 branch of the dungeon, and saw 9 of its levels.

You collected 497 gold pieces.

Inventory:

Hand Weapons
 e - a +0 battleaxe (weapon)
Armour
 a - a +0 shield (worn)
 x - a +0 scale mail (worn)
 B - a +0 pair of gloves of archery (worn)
Jewellery
 b - a +3 ring of evasion (right hand)
 k - an amulet of regeneration (around neck)
 l - a ring of flight (left hand)
Wands
 c - a wand of digging (4)
 o - a wand of flame (18)
Scrolls
 g - 4 scrolls of immolation {unknown}
 q - 2 scrolls of remove curse
 r - a scroll of fog {unknown}
 s - a scroll of fear {unknown}
 t - 3 scrolls of amnesia {unknown}
 u - 4 scrolls of teleportation {unknown}
 w - a scroll of magic mapping {unknown}
 y - 3 scrolls of enchant armour
 A - a scroll of holy word {unknown}
 C - a scroll of enchant weapon {unknown}
Potions
 d - a potion of might
 h - a potion of agility
 i - a potion of degeneration
 j - a potion of invisibility
 m - a potion of mutation
 n - 2 potions of brilliance
 v - a potion of curing
Books
 p - a book of Enchantments

   Spells                             Type                      Level
   a - Cause Fear                     Hexes                        4
   b - Yara's Violent Unravelling     Hexes/Transmutation          5
   c - Silence                        Hexes/Air                    5
   d - Deflect Missiles               Charms/Air                   6
   e - Discord                        Hexes                        8
Comestibles
 f - 22 rations


   Skills:
 * Level 6.9 Fighting
 + Level 10.5 Axes
   Level 1.0(6.7) Maces & Flails
 * Level 5.8 Armour
 - Level 1.0 Dodging
 - Level 1.2 Stealth
 - Level 9.0 Shields
 - Level 1.0 Unarmed Combat
 + Level 3.3 Invocations


You had 9 spell levels left.
You didn't know any spells.

Dungeon Overview and Level Annotations

Branches:
Dungeon (9/15)             Temple (0/1) D:4
   Lair: D:8-11         Orc: D:9-12

Altars:
Cheibriados
Fedhas
Gozag
Hepliaklqana
Makhleb
Okawaru
Qazlal
Ru
Uskayaw
The Shining One


Innate Abilities, Weirdness & Mutations

You cannot be hasted, slowed, berserked, paralysed or teleported.
You can dig through walls and to a lower floor.
Your four strong arms can wield two-handed weapons with a shield.
You have a pair of large antennae on your head. (SInv)


Message History

The steam dragon breathes steam at you. The ball of steam hits you!
* * * LOW HITPOINT WARNING * * *
You feel much better.
You are engulfed in a cloud of scalding steam.
You slice the steam dragon!!
The steam dragon is severely wounded.
You are engulfed in a cloud of scalding steam.
* * * LOW HITPOINT WARNING * * *
You are feeling hungry.
The steam dragon barely misses you. You block the steam dragon's attack.
You closely miss the steam dragon.
The steam dragon is severely wounded.
You are engulfed in a cloud of scalding steam.
* * * LOW HITPOINT WARNING * * *
You block the steam dragon's attack. The steam dragon barely misses you.
You slash the steam dragon!
The steam dragon is almost dead.
The steam dragon bites you!
You die...

#.# #.## #..# #### ### {
####.#####.#
.##..........###
.......###.....# ####
###### .)...###
#.##..#####..######.....
.#####
######D@.###........####
####†..######### #.###.#
### ###


You could see a steam dragon.

Vanquished Creatures
  A two-headed ogre (D:6)
  A komodo dragon (D:9)
  Prince Ribbit (D:8)
  A hippogriff (D:8)
  2 wyverns (D:9)
  Grum (D:8)
  Eustachio (D:4)
  An orc warrior (D:8)
  2 ice beasts (D:5)
  A black bear (D:8)
  4 ogres
  2 sky beasts
  4 wolves
  2 centaurs
  A big kobold (D:8)
  2 bullfrogs
  A wyvern skeleton (D:6)
  2 scorpions
  A bullfrog zombie (D:7)
  3 crimson imps
  2 quasits
  A centaur zombie (D:8)
  A hound (D:2)
  2 centaur skeletons
  5 orc priests
  A jelly (D:6)
  3 iguanas
  6 orc wizards
  9 worker ants
  A hound skeleton (D:4)
  A howler monkey skeleton (D:5)
  A worker ant zombie (D:7)
  8 adders
  3 shadow imps (D:5)
  2 oozes
  3 adder skeletons
  An adder zombie (D:8)
  3 worms
  3 dart slugs
  4 leopard geckos
  27 orcs
  6 giant cockroaches
  3 goblins
  8 hobgoblins
  7 jackals
  5 kobolds
  3 quokkas
  A ball python (D:1)
  A ball python skeleton (D:4)
  3 bats
  6 frilled lizards
  10 rats
174 creatures vanquished.

Vanquished Creatures (collateral kills)
  A cyclops (D:9)
  An orc warrior (D:8)
  A centaur (D:9)
  An orc wizard (D:8)
4 creatures vanquished.

Grand Total: 178 creatures vanquished

Notes
Turn   | Place    | Note
-------+----------+-------------------------------------------
     0 | D:1      | Kejsarherre the Formicid Wanderer began the quest for the Orb.
     0 | D:1      | Kejsarherre set off with: a +0 shield, a +0 ring mail, a potion of curing, a +0 club, a ration
     0 | D:1      | Reached XP level 1. HP: 18/18 MP: 1/1
    99 | D:1      | Reached XP level 2. HP: 22/25 MP: 2/2
   430 | D:1      | Reached XP level 3. HP: 30/30 MP: 3/3
   568 | D:1      | Reached skill level 1 in Axes
   620 | D:2      | Found a sacrificial altar of Ru.
   894 | D:2      | Reached XP level 4. HP: 37/37 MP: 4/4
   906 | D:2      | Found a burning altar of Makhleb.
   925 | D:2      | Reached skill level 2 in Axes
   930 | D:2      | Became a worshipper of Makhleb the Destroyer
   992 | D:2      | Found an opulent altar of Gozag.
  1424 | D:3      | Reached XP level 5. HP: 42/42 MP: 5/5
  1876 | D:3      | Reached * piety under Makhleb
  1894 | D:3      | Reached skill level 3 in Axes
  2316 | D:4      | Found a staircase to the Ecumenical Temple.
  2384 | D:4      | Reached skill level 5 in Shields
  2384 | D:4      | Reached XP level 6. HP: 44/48 MP: 6/6
  2463 | D:4      | HP: 2/48 [orc wizard/puff of flame (7)]
  2467 | D:4      | Reached skill level 4 in Axes
  2714 | D:4      | Noticed Eustachio
  2785 | D:4      | Killed Eustachio
  2785 | D:4      | Reached skill level 5 in Axes
  2785 | D:4      | Reached XP level 7. HP: 33/53 MP: 7/7
  3110 | D:5      | Entered Level 5 of the Dungeon
  3257 | D:5      | Reached skill level 6 in Axes
  3359 | D:5      | Reached XP level 8. HP: 60/60 MP: 8/8
  3364 | D:5      | Reached skill level 7 in Axes
  3436 | D:5      | Found a glowing golden altar of the Shining One.
  3499 | D:5      | Found a hide-covered altar of Uskayaw.
  3618 | D:5      | Found a transporter.
  3639 | D:5      | Reached ** piety under Makhleb
  3644 | D:5      | Found a transporter.
  3835 | D:5      | Reached skill level 8 in Axes
  4344 | D:6      | Reached skill level 9 in Axes
  4564 | D:6      | Noticed a two-headed ogre
  4574 | D:6      | Killed a two-headed ogre
  4574 | D:6      | Reached XP level 9. HP: 43/65 MP: 9/9
  4598 | D:6      | Found a hazy altar of Hepliaklqana.
  4598 | D:6      | Found a stormy altar of Qazlal.
  5694 | D:8      | Reached *** piety under Makhleb
  5707 | D:8      | Noticed a hippogriff
  5734 | D:8      | Killed a hippogriff
  5734 | D:8      | Reached skill level 10 in Axes
  5734 | D:8      | Reached XP level 10. HP: 49/73 MP: 10/10
  5826 | D:8      | Found a snail-covered altar of Cheibriados.
  5880 | D:8      | Reached skill level 5 in Fighting
  5965 | D:8      | Found a blossoming altar of Fedhas.
  5981 | D:8      | Reached skill level 1 in Invocations
  6047 | D:8      | Noticed Grum
  6240 | D:8      | Killed Grum
  6276 | D:8      | Found an iron altar of Okawaru.
  6529 | D:8      | Noticed Prince Ribbit
  6560 | D:8      | HP: 2/76 [Prince Ribbit (14)]
  6571 | D:8      | Killed Prince Ribbit
  6571 | D:8      | Reached skill level 5 in Armour
  6753 | D:9      | Noticed a cyclops
  6767 | D:9      | Killed a cyclops
  7168 | D:9      | Noticed a komodo dragon
  7194 | D:9      | Killed a komodo dragon
  7197 | D:9      | HP: 2/77 [steam dragon] (15)]
  7198 | D:9      | Mangled by a steam dragon

Skill      XL: |  1  2  3  4  5  6  7  8  9 10 |
---------------+-------------------------------+-----
Shields        | 3 4 5 8 9 |  9.0
Axes           | 1 2 3 5 6 9 10 | 10.5
Fighting       | 4 6 |  6.9
Armour         | 2 5 |  5.8
Invocations    | 3 |  3.3
Maces & Flails | |  1.0
Dodging        | |  1.0
Stealth        | |  1.2
Unarmed Combat | |  1.0

Action                   |  1- 3 |  4- 6 |  7- 9 | 10-12 || total
-------------------------+-------+-------+-------+-------++-------
Melee: Club              |    34 |       |       |       ||    34
       Hand axe          |    91 |   158 |       |       ||   249
       War axe           |       |    99 |   331 |   171 ||   601
       Battleaxe         |       |       |       |    33 ||    33
Invok: Minor Destruction |       |       |     3 |    10 ||    13
       Lesser Servant of |       |       |       |     4 ||     4
Evoke: Wand              |       |     7 |    32 |     4 ||    43
  Use: Potion            |       |     2 |       |     8 ||    10
       Scroll            |       |       |    10 |     2 ||    12
  Eat: Chunk             |       |     6 |     7 |     5 ||    18
       Ration            |       |       |     1 |       ||     1
Armor: Ring mail         |    54 |    66 |       |       ||   120
       Scale mail        |       |    26 |   102 |    54 ||   182
Dodge: Dodged            |    43 |   127 |   155 |    97 ||   422
Block: Shield            |    52 |   159 |   179 |   115 ||   505
